Warning! The script has encountered some errors when parsing the replay. Please report them to the . » details
0x74, prev: 0x19: 16 02 01 00 5D 30 00 00 64 2E 0E 00 19 77 [74] 77 6F 25 75 00 00 DA E8 03 00
0x6F, prev: 0x74: 16 02 01 00 5D 30 00 00 64 2E 0E 00 19 77 74 77 [6F] 25 75 00 00 DA E8 03 00
0x76, prev: 0x6F: 16 02 01 00 CE 4B 00 00 8A A6 19 00 19 77 74 77 6F E1 [76] 00 00 D1 3A 0E 00
0x00, prev: 0x76: 16 02 01 00 CE 4B 00 00 8A A6 19 00 19 77 74 77 6F E1 76 00 [00] D1 3A 0E 00
0x3A, prev: 0x00: 16 02 01 00 CE 4B 00 00 8A A6 19 00 19 77 74 77 6F E1 76 00 00 D1 [3A] 0E 00
0x00, prev: 0x3A: 16 02 01 00 CE 4B 00 00 8A A6 19 00 19 77 74 77 6F E1 76 00 00 D1 3A 0E [00]
0x2D, prev: 0x6F: 16 02 01 00 E1 76 00 00 D1 3A 0E 00 19 77 74 77 6F B6 [2D] 00 00 68 91 0F 00
0x00, prev: 0x2D: 16 02 01 00 E1 76 00 00 D1 3A 0E 00 19 77 74 77 6F B6 2D 00 [00] 68 91 0F 00
0x91, prev: 0x00: 16 02 01 00 E1 76 00 00 D1 3A 0E 00 19 77 74 77 6F B6 2D 00 00 68 [91] 0F 00
0x00, prev: 0x91: 16 02 01 00 E1 76 00 00 D1 3A 0E 00 19 77 74 77 6F B6 2D 00 00 68 91 0F [00]
0x30, prev: 0x6F: 16 02 01 00 F9 17 00 00 0D 94 0F 00 19 77 74 77 6F 5D [30] 00 00 64 2E 0E 00
0x00, prev: 0x30: 16 02 01 00 F9 17 00 00 0D 94 0F 00 19 77 74 77 6F 5D 30 00 [00] 64 2E 0E 00
0x2E, prev: 0x00: 16 02 01 00 F9 17 00 00 0D 94 0F 00 19 77 74 77 6F 5D 30 00 00 64 [2E] 0E 00
0x00, prev: 0x2E: 16 02 01 00 F9 17 00 00 0D 94 0F 00 19 77 74 77 6F 5D 30 00 00 64 2E 0E [00]
0x00, prev: 0x75: 16 02 01 00 5D 30 00 00 64 2E 0E 00 19 77 74 77 6F 25 75 00 [00] DA E8 03 00
0xE8, prev: 0x00: 16 02 01 00 5D 30 00 00 64 2E 0E 00 19 77 74 77 6F 25 75 00 00 DA [E8] 03 00
0x00, prev: 0xE8: 16 02 01 00 5D 30 00 00 64 2E 0E 00 19 77 74 77 6F 25 75 00 00 DA E8 03 [00]
General information
- name: BNet
- type: Ladder team game (AT/RT)
- host: Battle.net
- saver: OperationIcon
map: MarketSquare
- players: 8
- length: 56:48
- speed: Fast
- version: 1.26 W3XP
- replay type: Public
» download(310 KB)
Players
team 1 (winner)
jhd102204 (
purple | 55 APM | 3144 actions | 56:48)
7 Mountain King
3 Storm Bolt
3 Bash
1 Avatar
6 Archmage
3 Summon Water Elemental
2 Brilliance Aura
1 Mass Teleport
» actions
| Assign group hotkey | 24 | |
| Basic commands | 451 | |
| Build / train | 108 | |
| ESC pressed | 11 | |
| Enter build submenu | 26 | |
| Enter hero's abilities submenu | 13 | |
| Give item / drop item | 5 | |
| Right click | 765 | |
| Select / deselect | 473 | |
| Select group hotkey | 1067 | |
| Use ability | 200 | |
3144 total
» units
| Peasant | 11 | |
| Footman | 3 | |
| Gryphon Rider | 10 | |
| Dragonhawk Rider | 5 | |
29 total
» upgrades
| Lumber Harvesting | 2 | |
| Swords | 3 | |
| Storm Hammers | 1 | |
| Armor | 3 | |
| Animal War Training | 1 | |
| Masonry | 3 | |
| Control Magic | 2 | |
| Magic Sentry | 1 | |
| Cloud | 1 | |
| Backpack | 1 | |
| Defend | 1 | |
| Long Rifles | 1 | |
| Gunpowder | 3 | |
| Plating | 2 | |
| Priest Training | 1 | |
| Sorceress Training | 1 | |
| Fragmentation Shards | 1 | |
| Flak Cannons | 1 | |
| Flying Machine Bombs | 1 | |
| Flare | 1 | |
| Barrage | 2 | |
33 total
» buildings
| Altar of Kings | 1 | |
| Farm | 7 | |
| Keep | 5 | |
| Barracks | 1 | |
| Lumber Mill | 1 | |
| Blacksmith | 1 | |
| Castle | 3 | |
| Gryphon Aviary | 2 | |
| Arcane Vault | 1 | |
| Scout Tower | 2 | |
| Guard Tower | 1 | |
| Arcane Sanctum | 1 | |
| Arcane Tower | 1 | |
| Workshop | 1 | |
| Town Hall | 2 | |
30 total
» build order
00:06 Altar of Kings
00:08 Farm
02:03 Keep
02:03 Keep
02:13 Barracks
02:19 Farm
02:24 Lumber Mill
02:59 Farm
03:22 Blacksmith
03:35 Farm
04:14 Farm
04:24 Castle
05:25 Gryphon Aviary
05:28 Farm
06:04 Arcane Vault
07:00 Gryphon Aviary
14:10 Scout Tower
14:43 Guard Tower
14:46 Arcane Sanctum
20:48 Scout Tower
21:27 Arcane Tower
22:45 Workshop
27:47 Keep
28:01 Town Hall
30:12 Castle
34:10 Town Hall
37:20 Keep
49:55 Farm
» items
| Potion of Lesser Invulnerability | 2 | |
| Scroll of Town Portal | 5 | |
| Orb of Lightning | 1 | |
| Tiny Great Hall | 1 | |
| Mechanical Critter | 2 | |
| Scroll of Regeneration | 2 | |
| Orb of Fire | 1 | |
| Staff of Teleportation | 1 | |
15 total
Weaboo (
orange | 42 APM | 1836 actions | 44:13)
6 Mountain King
3 Storm Bolt
2 Bash
1 Avatar
» actions
| Assign group hotkey | 35 | |
| Basic commands | 349 | |
| Build / train | 73 | |
| ESC pressed | 10 | |
| Enter build submenu | 24 | |
| Enter hero's abilities submenu | 6 | |
| Give item / drop item | 1 | |
| Remove unit from queue | 1 | |
| Right click | 244 | |
| Select / deselect | 545 | |
| Select group hotkey | 457 | |
| Use ability | 90 | |
1836 total
» units
| Peasant | 14 | |
| Footman | 7 | |
| Knight | 6 | |
| Siege Engine | 6 | |
| Spell Breaker | 1 | |
34 total
» upgrades
| Defend | 1 | |
| Swords | 2 | |
| Plating | 2 | |
| Animal War Training | 1 | |
| Gunpowder | 2 | |
| Barrage | 1 | |
| Masonry | 1 | |
10 total
» buildings
| Altar of Kings | 1 | |
| Farm | 10 | |
| Barracks | 3 | |
| Keep | 1 | |
| Arcane Vault | 1 | |
| Castle | 1 | |
| Lumber Mill | 1 | |
| Town Hall | 1 | |
| Blacksmith | 1 | |
| Workshop | 3 | |
| Arcane Sanctum | 2 | |
25 total
» build order
00:08 Altar of Kings
00:10 Farm
00:11 Farm
00:47 Barracks
01:48 Barracks
01:59 Farm
02:35 Farm
03:04 Farm
03:46 Keep
04:25 Arcane Vault
06:19 Castle
06:22 Lumber Mill
06:44 Town Hall
07:51 Blacksmith
08:05 Barracks
10:07 Farm
10:07 Farm
10:08 Farm
10:12 Farm
10:15 Farm
11:35 Workshop
11:38 Workshop
11:42 Workshop
13:14 Arcane Sanctum
13:16 Arcane Sanctum
» items
| Scroll of Regeneration | 2 | |
| Lesser Clarity Potion | 4 | |
| Scroll of Town Portal | 7 | |
| Boots of Speed | 1 | |
| Potion of Mana | 1 | |
| Potion of Healing | 1 | |
| Healing Salve | 1 | |
17 total
OperationIcon (
pink | 64 APM | 3635 actions | 56:48)
8 Blademaster
3 Wind Walk
3 Critical Strike
1 Bladestorm
1 Mirror Image
1 Goblin Tinker
1 Engineering Upgrade
1 Goblin Alchemist
1 Chemical Rage
» actions
| Assign group hotkey | 230 | |
| Basic commands | 531 | |
| Build / train | 63 | |
| Enter build submenu | 33 | |
| Enter hero's abilities submenu | 10 | |
| Give item / drop item | 1 | |
| Remove unit from queue | 1 | |
| Right click | 1509 | |
| Select / deselect | 374 | |
| Select group hotkey | 772 | |
| Use ability | 111 | |
3635 total
» units
| Peon | 13 | |
| Grunt | 4 | |
| Wind Rider | 9 | |
| Demolisher | 4 | |
30 total
» upgrades
| Ranged Weapons | 3 | |
| Armor | 3 | |
| Envenomed Spears | 1 | |
| Reinforced Defenses | 1 | |
8 total
» buildings
| Orc Burrow | 8 | |
| Altar of Storms | 1 | |
| Barracks | 1 | |
| Voodoo Lounge | 1 | |
| Stronghold | 1 | |
| War Mill | 2 | |
| Great Hall | 3 | |
| Watch Tower | 13 | |
| Fortress | 1 | |
| Beastiary | 3 | |
34 total
» build order
00:39 Orc Burrow
00:45 Altar of Storms
00:48 Barracks
01:25 Orc Burrow
01:59 Voodoo Lounge
03:12 Stronghold
04:24 War Mill
04:39 Orc Burrow
05:40 Great Hall
05:50 Watch Tower
05:51 Watch Tower
05:51 Watch Tower
05:53 Watch Tower
07:08 Watch Tower
09:24 Fortress
09:25 Beastiary
09:26 Beastiary
09:27 Beastiary
11:48 War Mill
13:00 Orc Burrow
13:01 Orc Burrow
13:02 Orc Burrow
19:48 Orc Burrow
19:49 Orc Burrow
20:21 Watch Tower
20:21 Watch Tower
20:22 Watch Tower
20:23 Watch Tower
20:25 Watch Tower
22:34 Watch Tower
22:34 Watch Tower
22:35 Watch Tower
31:24 Great Hall
35:58 Great Hall
» items
| Healing Salve | 1 | |
| Scroll of Town Portal | 2 | |
| Periapt of Vitality | 1 | |
| Boots of Speed | 1 | |
| Staff of Teleportation | 3 | |
| Orb of Lightning | 1 | |
9 total
DjDopy (
green | 58 APM | 3298 actions | 56:48)
5 Blademaster
3 Wind Walk
2 Critical Strike
3 Dark Ranger
2 Black Arrow
1 Life Drain
» actions
| Assign group hotkey | 17 | |
| Basic commands | 17 | |
| Build / train | 89 | |
| Enter build submenu | 36 | |
| Enter hero's abilities submenu | 8 | |
| Give item / drop item | 3 | |
| Remove unit from queue | 6 | |
| Right click | 2376 | |
| Select / deselect | 341 | |
| Select group hotkey | 296 | |
| Use ability | 109 | |
3298 total
» units
| Peon | 16 | |
| Grunt | 8 | |
| Troll Headhunter/Berserker | 7 | |
| Wind Rider | 14 | |
| Flying Machine | 3 | |
| Mortar Team | 5 | |
| Rifleman | 1 | |
54 total
» upgrades
| Melee Weapons | 1 | |
| Armor | 1 | |
| Envenomed Spears | 1 | |
| Ranged Weapons | 3 | |
6 total
» buildings
| Altar of Storms | 1 | |
| Orc Burrow | 12 | |
| War Mill | 1 | |
| Barracks | 1 | |
| Watch Tower | 18 | |
| Voodoo Lounge | 1 | |
| Stronghold | 1 | |
| Beastiary | 1 | |
| Fortress | 1 | |
37 total
» build order
00:03 Altar of Storms
00:05 Orc Burrow
01:01 War Mill
01:39 Barracks
02:24 Orc Burrow
03:25 Watch Tower
03:32 Watch Tower
04:30 Watch Tower
04:36 Watch Tower
05:04 Orc Burrow
05:09 Orc Burrow
05:18 Voodoo Lounge
06:13 Watch Tower
06:16 Watch Tower
06:40 Orc Burrow
07:26 Watch Tower
07:28 Watch Tower
08:08 Orc Burrow
08:36 Watch Tower
08:40 Watch Tower
09:58 Stronghold
12:59 Beastiary
14:27 Orc Burrow
14:29 Fortress
14:55 Orc Burrow
20:12 Orc Burrow
26:55 Orc Burrow
30:33 Watch Tower
30:41 Watch Tower
30:46 Watch Tower
33:35 Watch Tower
33:37 Watch Tower
33:39 Watch Tower
33:41 Watch Tower
33:44 Watch Tower
38:06 Orc Burrow
39:52 Orc Burrow
» items
| Healing Salve | 4 | |
| Scroll of Speed | 1 | |
| Lesser Clarity Potion | 1 | |
| Boots of Speed | 2 | |
| Periapt of Vitality | 4 | |
| Orb of Lightning | 1 | |
13 total
team 2 (loser)

»
ukinarpaP (
teal | 47 APM | 765 actions | 16:22)
4 Mountain King
2 Storm Bolt
2 Bash
» actions
| Assign group hotkey | 24 | |
| Basic commands | 46 | |
| Build / train | 62 | |
| Enter build submenu | 25 | |
| Enter hero's abilities submenu | 4 | |
| Give item / drop item | 1 | |
| Remove unit from queue | 6 | |
| Right click | 274 | |
| Select / deselect | 274 | |
| Select group hotkey | 16 | |
| Use ability | 33 | |
765 total
» units
» upgrades
| Defend | 1 | |
| Masonry | 2 | |
| Lumber Harvesting | 2 | |
| Plating | 3 | |
| Animal War Training | 1 | |
| Long Rifles | 1 | |
| Swords | 1 | |
11 total
» buildings
| Scout Tower | 5 | |
| Arcane Tower | 3 | |
| Farm | 7 | |
| Lumber Mill | 1 | |
| Altar of Kings | 1 | |
| Barracks | 2 | |
| Arcane Vault | 1 | |
| Keep | 1 | |
| Blacksmith | 1 | |
| Castle | 1 | |
| Town Hall | 1 | |
| Guard Tower | 2 | |
26 total
» build order
00:29 Scout Tower
00:35 Scout Tower
00:56 Arcane Tower
01:07 Arcane Tower
01:17 Farm
01:26 Lumber Mill
01:34 Altar of Kings
02:03 Barracks
02:31 Farm
02:36 Farm
02:42 Farm
03:04 Barracks
03:17 Arcane Vault
03:28 Farm
04:33 Farm
04:35 Farm
04:57 Keep
06:11 Blacksmith
07:22 Castle
09:38 Scout Tower
09:40 Scout Tower
09:42 Scout Tower
09:45 Town Hall
10:07 Arcane Tower
10:08 Guard Tower
10:10 Guard Tower
» items
| Scroll of Regeneration | 3 | |
| Potion of Healing | 1 | |
| Boots of Speed | 1 | |
| Periapt of Vitality | 1 | |
6 total
ThSaggiestBalls (
yellow | 52 APM | 848 actions | 16:17)
5 Crypt Lord
1 Carrion Beetles
3 Spiked Carapace
1 Impale
» actions
| Assign group hotkey | 34 | |
| Basic commands | 131 | |
| Build / train | 46 | |
| Enter build submenu | 15 | |
| Enter hero's abilities submenu | 5 | |
| Right click | 292 | |
| Select / deselect | 134 | |
| Select group hotkey | 167 | |
| Use ability | 24 | |
848 total
» units
| Acolyte | 3 | |
| Ghoul | 6 | |
| Crypt Fiend | 9 | |
| Gargoyle | 3 | |
21 total
» upgrades
| Creature Attack | 1 | |
| Creature Carapace | 1 | |
| Web | 1 | |
| Burrow | 1 | |
4 total
» buildings
| Altar of Darkness | 1 | |
| Graveyard | 1 | |
| Ziggurat | 7 | |
| Crypt | 2 | |
| Nerubian Tower | 1 | |
| Halls of the Dead | 1 | |
13 total
» build order
00:13 Altar of Darkness
00:16 Graveyard
00:49 Ziggurat
01:08 Crypt
01:21 Ziggurat
02:51 Crypt
03:07 Ziggurat
03:14 Nerubian Tower
06:32 Halls of the Dead
07:41 Ziggurat
10:50 Ziggurat
10:51 Ziggurat
10:51 Ziggurat
» items
| Lesser Clarity Potion | 2 | |
| Periapt of Vitality | 3 | |
| Tome of Retraining | 1 | |
| Scroll of Town Portal | 1 | |
7 total
Hatorade (
red | 76 APM | 1406 actions | 18:29)
4 Archmage
2 Summon Water Elemental
2 Brilliance Aura
3 Paladin
1 Holy Light
1 Divine Shield
1 Devotion Aura
» actions
| Assign group hotkey | 31 | |
| Basic commands | 4 | |
| Build / train | 55 | |
| Enter build submenu | 25 | |
| Enter hero's abilities submenu | 8 | |
| Right click | 547 | |
| Select / deselect | 280 | |
| Select group hotkey | 398 | |
| Use ability | 58 | |
1406 total
» units
| Peasant | 9 | |
| Footman | 4 | |
| Priest | 7 | |
| Sorceress | 4 | |
| Gryphon Rider | 6 | |
30 total
» upgrades
| Swords | 2 | |
| Lumber Harvesting | 1 | |
| Priest Training | 2 | |
| Sorceress Training | 2 | |
| Storm Hammers | 1 | |
| Magic Sentry | 1 | |
| Armor | 2 | |
11 total
» buildings
| Altar of Kings | 1 | |
| Barracks | 1 | |
| Farm | 10 | |
| Scout Tower | 2 | |
| Keep | 1 | |
| Lumber Mill | 2 | |
| Blacksmith | 1 | |
| Arcane Tower | 2 | |
| Arcane Sanctum | 2 | |
| Castle | 1 | |
| Gryphon Aviary | 1 | |
| Arcane Vault | 1 | |
25 total
» build order
00:12 Altar of Kings
00:17 Barracks
00:21 Farm
01:02 Farm
02:14 Scout Tower
02:38 Keep
02:43 Lumber Mill
02:49 Scout Tower
02:56 Lumber Mill
03:02 Blacksmith
03:25 Farm
03:39 Arcane Tower
03:43 Arcane Tower
04:05 Farm
04:45 Farm
05:03 Arcane Sanctum
05:07 Arcane Sanctum
05:59 Castle
06:23 Farm
07:13 Farm
07:29 Gryphon Aviary
08:06 Farm
11:10 Farm
11:33 Arcane Vault
13:14 Farm
» items
winhelper- (
blue | 58 APM | 3291 actions | 56:48)
8 Blood Mage
3 Flame Strike
3 Siphon Mana
1 Summon Phoenix
1 Banish
» actions
| Assign group hotkey | 54 | |
| Basic commands | 72 | |
| Build / train | 147 | |
| ESC pressed | 1 | |
| Enter build submenu | 65 | |
| Enter hero's abilities submenu | 8 | |
| Give item / drop item | 7 | |
| Remove unit from queue | 4 | |
| Right click | 1446 | |
| Select / deselect | 736 | |
| Select group hotkey | 625 | |
| Select subgroup | 5 | |
| Use ability | 121 | |
3291 total
» units
| Peasant | 32 | |
| Footman | 6 | |
| Gryphon Rider | 27 | |
| Dragonhawk Rider | 11 | |
| Crypt Fiend | 1 | |
77 total
» upgrades
| Masonry | 5 | |
| Swords | 4 | |
| Animal War Training | 2 | |
| Armor | 3 | |
| Storm Hammers | 1 | |
| Cloud | 1 | |
| Magic Sentry | 1 | |
| Backpack | 1 | |
18 total
» buildings
| Altar of Kings | 3 | |
| Farm | 15 | |
| Barracks | 1 | |
| Arcane Vault | 2 | |
| Scout Tower | 9 | |
| Arcane Tower | 2 | |
| Keep | 4 | |
| Lumber Mill | 2 | |
| Guard Tower | 6 | |
| Castle | 2 | |
| Blacksmith | 2 | |
| Gryphon Aviary | 5 | |
| Spirit Tower | 3 | |
| Necropolis | 1 | |
| Ziggurat | 4 | |
| Town Hall | 9 | |
| Arcane Sanctum | 1 | |
71 total
» build order
00:05 Altar of Kings
00:09 Farm
00:11 Farm
00:41 Barracks
01:27 Arcane Vault
01:40 Scout Tower
01:51 Farm
02:15 Arcane Tower
03:46 Farm
04:22 Farm
05:44 Keep
06:12 Farm
06:27 Lumber Mill
06:32 Scout Tower
07:22 Scout Tower
07:28 Guard Tower
07:51 Guard Tower
08:14 Castle
08:30 Blacksmith
08:42 Farm
09:27 Gryphon Aviary
09:31 Gryphon Aviary
10:11 Farm
11:09 Guard Tower
15:02 Farm
16:36 Spirit Tower
18:32 Necropolis
18:36 Ziggurat
18:39 Ziggurat
18:42 Ziggurat
18:44 Ziggurat
19:40 Spirit Tower
19:40 Spirit Tower
20:51 Gryphon Aviary
23:14 Town Hall
25:37 Town Hall
25:51 Town Hall
27:49 Altar of Kings
28:02 Keep
28:30 Keep
30:11 Farm
30:29 Scout Tower
30:37 Lumber Mill
30:46 Scout Tower
31:15 Scout Tower
31:36 Arcane Sanctum
31:39 Castle
31:44 Farm
31:55 Guard Tower
32:43 Gryphon Aviary
33:22 Gryphon Aviary
34:13 Arcane Vault
34:54 Farm
35:45 Farm
36:33 Blacksmith
36:44 Farm
37:12 Town Hall
37:14 Scout Tower
38:05 Arcane Tower
38:18 Farm
40:36 Keep
52:58 Town Hall
52:59 Town Hall
53:04 Town Hall
53:08 Town Hall
55:03 Town Hall
55:12 Scout Tower
55:13 Scout Tower
55:41 Guard Tower
55:43 Guard Tower
56:36 Altar of Kings
» items
| Ivory Tower | 1 | |
| Scroll of Regeneration | 6 | |
| Staff of Teleportation | 1 | |
| Potion of Invisibility | 6 | |
| Scroll of Town Portal | 2 | |
| Periapt of Vitality | 1 | |
| Potion of Lesser Invulnerability | 1 | |
| Boots of Speed | 1 | |
| Potion of Healing | 1 | |
20 total
Chat log
(11:51 / All) OperationIcon: gg
(11:56 / All) winhelper-: ?
(11:57 / All) ThSaggiestBalls: D:?
(12:03 / All) OperationIcon: I have a level 6 bm
(12:11 / All) winhelper-: fuck
(12:11 / All) ThSaggiestBalls: good job
(12:15 / All) ThSaggiestBalls: you hav ethe best hero in the game
(12:18 / All) ThSaggiestBalls: way to go
(12:21 / All) ThSaggiestBalls: you have some serious nuts
(15:24 / Allies) Weaboo: tp now
(15:44 / Allies) Weaboo: going in
(16:06 / All) ThSaggiestBalls: teal bitch
(16:09 / All) ThSaggiestBalls: like a little ass
(16:11 / All) ThSaggiestBalls: with no nuts
(16:12 / All) ThSaggiestBalls: All game
(16:14 / All) ThSaggiestBalls: distract me so hard
(17:38 / Allies) OperationIcon: wood
(17:54 / All) OperationIcon: I'm a peon away from level 8
(18:18 / All) Hatorade: 4 just too many
(18:25 / All) Hatorade: ot get team that work together
(20:29 / Allies) OperationIcon: wood
(20:44 / Allies) OperationIcon: wood!
(23:05 / Allies) DjDopy: ty
(23:25 / All) Weaboo: eat a mile of baby dicks
(23:30 / All) winhelper-: Why?
(23:32 / All) winhelper-: You mad?
(23:34 / Allies) DjDopy: ?
(23:41 / All) winhelper-: or just bad?
(23:45 / All) Weaboo: Yeah I'm mad
(23:47 / All) Weaboo: And bad
(23:56 / All) Weaboo: But most importantly... Sad
(24:02 / All) winhelper-: At your loss?
(24:02 / All) Weaboo: :(
(24:08 / All) Weaboo: yeh
(24:17 / All) winhelper-: Such a shame you lost after all of this "effort"
(24:22 / All) winhelper-: Get the fuck out
(24:31 / All) Weaboo: huhue
(24:35 / All) winhelper-: Bye
(24:47 / All) DjDopy: bye noob
(24:56 / All) winhelper-: cyu
(24:59 / All) Weaboo: lololol
(25:02 / All) DjDopy: lol
(25:10 / All) winhelper-: what happened to your tanks?
(25:12 / All) winhelper-: ????????????
(25:39 / All) Weaboo: They are in a better place now
(25:43 / Allies) DjDopy: so fail
(25:43 / Allies) DjDopy: rofll
(25:54 / Allies) DjDopy: lolll
(25:56 / Allies) DjDopy: what a noob
(26:07 / All) Weaboo: I'm going to take a shit I expect when I get back nothing to happen
(26:11 / Allies) DjDopy: i think hes mad that hes pink ^^
(26:11 / All) Weaboo: Keep up the good work
(26:14 / All) winhelper-: Your team will be dead
(26:16 / All) winhelper-: Just watch
(26:22 / All) Weaboo: Nothing will happen
(26:27 / All) winhelper-: lol
(26:29 / All) winhelper-: Wait and see
(26:30 / All) Weaboo: I'm fucking warning you
(26:37 / All) winhelper-: Of what?
(26:45 / All) Weaboo: If something happens I'm placing the blame squarely on you
(26:49 / All) winhelper-: Good
(27:15 / All) Weaboo: We worked hard for this and it's too late to throw this all away
(27:23 / All) Weaboo: let's fuck each other silly
(27:24 / All) OperationIcon: he kept tping to my towered base with his hurt MK
(27:25 / All) winhelper-: It was gone at the start
(27:37 / All) Weaboo: slap my ass
(27:41 / All) winhelper-: The game was rigged from the start. I apologise for having you set up in this
(28:09 / All) Weaboo: Nothing to happen... Remember
(28:15 / All) Weaboo: Be right back
(28:18 / All) winhelper-: Everything will happen in that short period of time
(28:24 / All) winhelper-: It's happening right now...
(28:32 / All) Weaboo: I SAID BE RIGHT BACK... I CANT SHIT WITH U TALKING
(28:34 / All) DjDopy: Rofll
(28:49 / All) Weaboo: we worked hard for this
(28:53 / All) winhelper-: And now it's gone
(29:10 / All) Weaboo: And I can't let you throw it away at this point.. No I'm too good for that
(29:17 / All) winhelper-: Oh, I won't
(29:21 / All) winhelper-: But someone else will
(30:52 / All) OperationIcon: Why do you guys gotta make this hard on me
(30:53 / All) OperationIcon: just leave
(32:31 / Allies) DjDopy: lol
(32:32 / All) OperationIcon: :)
(32:51 / Allies) DjDopy: to weak
(32:54 / Allies) DjDopy: :D
(33:02 / All) Weaboo: Nothing to happen
(33:15 / All) winhelper-: Look at your allies, please
(33:20 / All) Weaboo: Kay
(34:06 / All) Weaboo: I'm watching pony music videos... Ain't no thang
(34:15 / All) Weaboo: dawg
(34:37 / Allies) DjDopy: loll
(34:43 / All) OperationIcon: It's k
(34:47 / All) winhelper-: If you want to confirm my auspices, some of their bases may be dead. I suggest checking
(34:52 / All) DjDopy: we have angry asian's
(34:53 / All) Weaboo: herp
(35:13 / All) Weaboo: That felt good didn't it
(35:14 / All) OperationIcon: You're dead now
(35:26 / All) winhelper-: Something happened, I suppose?
(35:32 / All) OperationIcon: I mean
(35:33 / All) OperationIcon: green
(35:41 / All) DjDopy: hes been trying so hard
(35:47 / All) DjDopy: and failing soo hard
(35:52 / All) DjDopy: im crying from laughter lol
(35:55 / All) winhelper-: Your team, except oj?
(36:06 / All) Weaboo: This game felt good didn't it
(36:17 / All) Weaboo: Don't lie now
(36:20 / All) Weaboo: You enjoyed it
(36:30 / All) Weaboo: But that's natural
(36:34 / All) OperationIcon: How did I fail you can't win
(36:41 / All) OperationIcon: How you can run with a blademaster damn you're good
(36:51 / All) Weaboo: You're a growing boy and these urges you are feeling are normal and perfectly okay
(36:51 / All) DjDopy: rofl u tryed tping' to hold me inplace
(36:56 / All) DjDopy: so u could kill the blademaster
(37:02 / All) DjDopy: OOO u cant kill a bm.. using a lil trick
(37:04 / All) DjDopy: ur good
(37:04 / All) Weaboo: Hold me
(37:05 / All) DjDopy: loll
(37:09 / All) DjDopy: Angry asians^
(37:26 / All) DjDopy: cant killa bm what a fail tker Boohoooo :(
(37:33 / All) OperationIcon: Win the game?
(37:41 / All) DjDopy: ur bad?
(37:45 / All) DjDopy: lol
(37:54 / All) DjDopy: finally!
(37:55 / All) DjDopy: Ahahahahaha
(38:17 / All) OperationIcon: You're very talent green
(38:28 / All) DjDopy: try to spell harder
(38:29 / All) DjDopy: plz
(38:29 / All) OperationIcon: You were getting the better of me by running away with your bm
(38:31 / All) DjDopy: lol
(38:34 / All) Weaboo: harder
(38:39 / All) OperationIcon: as I killed everything else of yourse
(38:49 / All) Weaboo: yourse said he
(38:53 / All) DjDopy: ur pretty angry i can tell, u been trying to kill him for only the past hour rofl
(39:01 / All) Weaboo: maetcho maen rundy suvuge is cumming for ya
(39:05 / All) Weaboo: OHH YEAHHH
(39:06 / All) DjDopy: and the only reason u were able to was because of a tp at enemy towers.. lmaooo
(39:10 / All) DjDopy: tooo cute ^^
(39:14 / All) OperationIcon: Uh huh
(39:41 / All) winhelper-: lol
(39:50 / All) Weaboo: ban he
(40:00 / All) OperationIcon: Green will beat you
(40:03 / All) OperationIcon: he has a level 5 bm
(40:23 / All) OperationIcon: doesn't even know how to get both mana and health at the same time
(40:35 / All) DjDopy: or ur desperate for a troll ^^
(40:38 / All) DjDopy: me like clicking
(40:48 / All) DjDopy: Try harder bud ^^
(40:53 / All) DjDopy: Still cant killa bm on ur own?
(40:54 / All) DjDopy: Ahahahaha
(40:58 / All) OperationIcon: 16-18 no I think you definitely are just unknowledgeable about the game
(41:14 / All) DjDopy: nah im pretty sure ur just super angry
(41:18 / All) DjDopy: trying wayyyy hard rite now
(41:25 / All) OperationIcon: I'm not I play like this and type like this every game
(41:25 / All) DjDopy: and failing.. pretty cute imo ^^
(41:34 / All) DjDopy: nah, u dont ^^
(41:39 / All) OperationIcon: Yeah I do ^^
(41:44 / All) DjDopy: nope :D
(41:48 / All) OperationIcon: Ask blue
(41:55 / All) DjDopy: sounds like anger to me
(41:58 / All) DjDopy: ur non stop replies lol
(41:58 / All) winhelper-: He is normal right now
(42:07 / All) DjDopy: and u being mad about the whole couldnt kill a bm thing
(42:09 / All) OperationIcon: They had a lot of gold
(42:10 / All) DjDopy: sounds like im under ur skin
(42:17 / All) DjDopy: but whatevs ^^
(42:41 / All) DjDopy: how pro, giggle ^^
(43:07 / Allies) DjDopy: he has the knowledge to get mana and hp @ mid, what a Grubby ROFLface :D
(43:19 / All) winhelper-: Green you here?
(43:44 / All) winhelper-: Pedicabo ego vos, et irrumabo. If you like
(44:09 / All) Weaboo: Good I'm glad you still standing tall on your throne of homo lust... God speed I'm out
(44:28 / All) OperationIcon: they actually might have stood a chance if orange didn't lose spirit so quickly
(44:33 / All) winhelper-: I guess Oj has read Catullus 16 or knows Latin
(44:41 / All) winhelper-: That meant literally "I will sodomize you and facefuck you"
(44:46 / All) winhelper-: o tempora, o mores
(45:31 / All) winhelper-: Green, you can leave now, you god damned pissant catamite and cinaede
(45:45 / All) DjDopy: Haaai
(45:51 / All) winhelper-: Pathice
(45:56 / All) winhelper-: GTFO plebeian
(45:57 / All) DjDopy: pathetic.
(46:01 / All) DjDopy: is not spelling pathetic rite
(46:02 / All) DjDopy: Rofl
(46:05 / All) winhelper-: et tu. mi amice?
(46:10 / All) DjDopy: u retarded?
(46:18 / All) DjDopy: Retarded much?
(46:20 / All) winhelper-: It's called Latin. I suppose it's beyond your comprehension
(46:25 / All) OperationIcon: ez
(46:28 / All) OperationIcon: leave scrub
(46:36 / All) DjDopy: For what its soo fun
(46:42 / All) DjDopy: lmaooo, EZZZZ BRO
(46:44 / All) DjDopy: ROFlllll
(46:48 / All) DjDopy: u can tell
(46:48 / All) winhelper-: lol
(46:50 / All) DjDopy: hes sooo hyped
(46:56 / All) OperationIcon: Leave you lose
(46:58 / All) DjDopy: he just got a tk..
(46:59 / All) DjDopy: LOL
(47:03 / All) DjDopy: PWNEDDDD BRO
(47:04 / All) DjDopy: rofll
(47:15 / All) winhelper-: Of course I did
(47:29 / All) DjDopy: rofl how pink is more bothered who knows ^^
(47:43 / All) winhelper-: Fortis fortuna adiuvat, but vixtrix causa deis placuit sehd victa Katoni
(47:56 / All) winhelper-: Neither cause shall work for you
(47:59 / All) winhelper-: *sed
(48:00 / All) winhelper-: typo
(48:08 / All) DjDopy: what are u saying
(48:10 / All) DjDopy: Honestly
(48:19 / All) winhelper-: Google it faggot, or go to uni and learn Latin
(49:34 / All) winhelper-: Leave you fucking parum pedicum
(49:55 / All) DjDopy: u do know purple is still here rite lol
(50:14 / All) OperationIcon: Leave friends you have lost
(50:16 / All) winhelper-: Of course I do, you fucking shit-eating Hun
(50:17 / All) OperationIcon: It was a good one
(50:23 / All) OperationIcon: But oyu have failed to achieve victory
(50:31 / All) DjDopy: so have u retard..
(50:32 / All) DjDopy: rofll
(50:47 / All) OperationIcon: Mission accomplished
(50:47 / All) DjDopy: unless victory of course is killing one unit after an hour
(50:50 / All) DjDopy: than yaaaay
(50:57 / All) DjDopy: loll :D
(50:59 / All) winhelper-: At least I'm not a mollis
(51:02 / All) winhelper-: jesus fucking christ
(51:34 / All) DjDopy: only took him an hour to realize he needed more than 1 tp, no big deal.. giggle 8)
(52:00 / All) OperationIcon: don't you realize I only have to kill buildings
(52:28 / All) DjDopy: yea, its pretty cute that ur trying to derive it from the point tho..
(52:36 / All) DjDopy: u chased my hero for an hour with base up
(52:43 / All) OperationIcon: so
(52:47 / All) DjDopy: make all the excuses u want rofl ^^
(52:56 / All) OperationIcon: You lost everything
(52:58 / All) DjDopy: soooo urbad rofl
(53:01 / All) OperationIcon: You attempted to attack me didn't kill anything
(53:04 / All) OperationIcon: But you ran away
(53:08 / All) OperationIcon: You're pro at running away
(53:13 / All) OperationIcon: I'll book some lessosn from you
(53:17 / All) winhelper-: Like my town halls?
(53:20 / All) DjDopy: lol ur pro at catching ppl off guard..
(53:24 / All) DjDopy: must be sooo hard
(53:25 / All) DjDopy: lmaooo
(53:27 / All) DjDopy: retard
(53:40 / All) OperationIcon: Yeah I got all 3 of you when yo uahd a lot more forces than me
(53:47 / All) DjDopy: uber micro, 3tp's an hour later to catch a bm rofl no big deal
(53:49 / All) OperationIcon: it's because yo udidn't expect it
(53:51 / All) DjDopy: lolll
(53:56 / All) DjDopy: whysomad?
(54:18 / Allies) DjDopy: all those typos rofl, slow it down angry kid
(54:23 / All) OperationIcon: You had boots of speed I didn't
(54:31 / All) OperationIcon: Typos are because it's 5 am
(54:34 / All) DjDopy: ur brain works at slow speeds i understand
(54:43 / All) DjDopy: u think tk is victory lmao, we know ur special
(54:49 / All) DjDopy: calm down
(54:53 / All) winhelper-: You're still here, that shows how tryhard you are
(54:56 / All) OperationIcon: lol
(54:59 / All) OperationIcon: 16-19
(55:05 / All) DjDopy: shows how much i care lmao.. im hittin the bong
(55:06 / All) OperationIcon: I was glad to give you this loss
(55:07 / All) OperationIcon: Enjoy it
(55:16 / All) DjDopy: watchin kid crying about chasing a bm for an hour rofl
(55:23 / All) DjDopy: then trying to make it look like he didnt
(55:25 / All) DjDopy: 22222cute ^^
(55:56 / All) DjDopy: blues pro
(56:05 / All) OperationIcon: Blue won 1v4
(56:08 / All) OperationIcon: you fags sucked
(56:10 / All) OperationIcon: gg noob allies
(56:17 / All) DjDopy: lol stay angry
(56:23 / All) DjDopy: go chase bm's ^^
(56:24 / All) OperationIcon: WAAAH
(56:28 / All) winhelper-: You're the only one who has looked fucking pissed all game, green
(56:29 / All) DjDopy: lolll
(56:34 / All) DjDopy: ^^
(56:37 / All) OperationIcon: boohoo
(56:39 / All) winhelper-: Pink has been very calm
(56:46 / All) DjDopy: says the kid dropin f bombs every 2 min
(56:47 / All) DjDopy: lmaoo